 Dungeon Crawl Stone Soup version 0.20.1-1-g8b1a95d (webtiles) character file.

515 Irenicus the Chopper (level 7, -5/67 HPs)
             Began as a Deep Dwarf Chaos Knight on Oct 18, 2017.
             Killed from afar by an orc (22 damage)
             ... with an exploding inner flame
             ... hexed by the player character
             ... on level 4 of the Dungeon.
             The game lasted 00:08:12 (2793 turns).

Irenicus the Chopper (Deep Dwarf Chaos Knight)      Turns: 2793, Time: 00:08:13

Health: -5/67      AC:  9    Str: 15    XL:     7   Next: 0%
Magic:  5/5        EV: 11    Int: 13    God:    Xom [...*..]
Gold:   208        SH:  5    Dex: 15    Spells: 6/6 levels left

rFire    . . .     SeeInvis .   t - -2 hand axe (curse)
rCold    . . .     Gourm    .   l - +0 buckler
rNeg     . . .     Faith    .   b - +2 leather armour
rPois    .         Spirit   .   s - +0 helmet
rElec    .         Reflect  .   (no cloak)
rCorr    .         Harm     .   r - +0 pair of gloves
MR       +....                  (no boots)
Stlth    +.........             (no amulet)
Regen    0.0/turn               k - +2 ring of protection
MPRegen  0.1/turn               o - +5 ring of dexterity

@: non-regenerating
A: damage resistance, heal wounds, blink, clumsy 2, sense surroundings 1, robust
1, no regeneration
a: Heal Wounds, Blink, Renounce Religion


You were on level 4 of the Dungeon.
You worshipped Xom.
You were a favourite toy of Xom.
You were hungry.

You visited 1 branch of the dungeon, and saw 4 of its levels.

You collected 208 gold pieces.

Inventory:

Hand Weapons
 a - a +1 hand axe of chaos
 t - a cursed -2 hand axe (weapon)
Armour
 b - a +2 leather armour (worn)
 l - a +0 buckler (worn)
 r - a +0 pair of gloves (worn)
 s - a +0 helmet (worn)
Jewellery
 k - a +2 ring of protection (left hand)
 o - a +5 ring of dexterity (right hand)
Scrolls
 d - 10 scrolls of identify
 e - 2 scrolls of teleportation
 f - a scroll of amnesia
Potions
 j - 2 potions of flight
Comestibles
 c - 2 bread rations
 g - 2 fruits
 i - 3 royal jellies
 m - a meat ration


   Skills:
 - Level 2.6 Fighting
 + Level 7.6 Axes
 - Level 2.1 Armour
 - Level 1.1 Dodging
 * Level 3.9 Shields


You had 6 spell levels left.
You didn't know any spells.

Dungeon Overview and Level Annotations

Branches:
Dungeon (4/15)
 Temple: D:4-7

Altars:
Makhleb
Nemelex Xobeh
Vehumet
Xom
Yredelemnul

Annotations:
D:4 exclusion: door


Innate Abilities, Weirdness & Mutations

You are resistant to damage.
You can heal yourself by infusing magical energy.
You passively map a small area around you.
You do not regenerate.
You can translocate small distances at will.
You are very clumsy. (Dex -4)
You are robust. (+10% HP)


Message History

You block the orc's attack.
You closely miss the giant cockroach. You hit the orc but do no damage.
The giant cockroach closely misses you. The orc hits you but does no damage.
You closely miss the giant cockroach. You hit the orc.
The giant cockroach closely misses you. You block the orc's attack.
The giant cockroach completely misses you.
You closely miss the giant cockroach.
Your shield prevents you from hitting the orc.
The orc hits you but does no damage.
The giant cockroach bites you but does no damage.
You hit the giant cockroach.
The giant cockroach is severely wounded.
You closely miss the orc. The orc closely misses you.
The giant cockroach barely misses you.
You hit the giant cockroach.
The giant cockroach explodes!
The fiery explosion engulfs the orc.
The orc explodes!
The fiery explosion engulfs you!
You die...

##### #.## ##< #.##.. ....#
#..# #.. #..### ###.##*#.# #.#
##...# ###..###.# #.# #...#
......##.# #.# #...#
###.#..#.#######.#######
###...# #
#.##.................####.....#
#.####.#######§#####.......####
#.. ...#*#...§@§# s..#####.....
######).*#...§§§§..#* #####.
#..##...§.§#### ## #####......#
# #......# # ######## #


There were no monsters in sight!

Vanquished Creatures
  Sigmund (D:2)
  Blork the orc (D:4)
  A crimson imp (D:4)
  An iguana (D:4)
  Terence (D:3)
  2 worker ants (D:4)
  3 adders
  3 oozes
  A worm (D:2)
  5 dart slugs
  A leopard gecko (D:1)
  10 orcs
  3 giant cockroaches
  6 hobgoblins
  7 jackals (D:3)
  7 kobolds
  A quokka (D:3)
  2 ball pythons (D:2)
  8 bats
  2 frilled lizards
  13 goblins
  6 rats
85 creatures vanquished.

Vanquished Creatures (collateral kills)
  An orc (D:3)
1 creature vanquished.

Vanquished Creatures (others)
  An orc (D:3)
  A fire vortex (D:2)
2 creatures vanquished.

Grand Total: 88 creatures vanquished

Notes
Turn   | Place    | Note
-------+----------+-------------------------------------------
     0 | D:1      | Irenicus the Deep Dwarf Chaos Knight began the quest for the Orb.
     0 | D:1      | Reached XP level 1. HP: 20/20 MP: 1/1
   146 | D:1      | Reached skill level 4 in Axes
   146 | D:1      | Reached XP level 2. HP: 13/27 MP: 2/2
   211 | D:1      | XOM: harmless Necr miscast
   566 | D:1      | Reached XP level 3. HP: 9/33 MP: 3/3
   602 | D:1      | XOM: god gift: 45 gold pieces
   611 | D:1      | XOM: scenery: create altars
   671 | D:2      | Noticed Sigmund
   727 | D:2      | XOM: 1-stop teleportation journey
   925 | D:2      | XOM: mild Fire miscast
   969 | D:2      | Killed Sigmund
   969 | D:2      | Reached skill level 6 in Axes
   969 | D:2      | Reached XP level 4. HP: 19/40 MP: 3/3
   969 | D:2      | Reached XP level 5. HP: 22/46 MP: 4/4
  1047 | D:2      | XOM: 2-stop teleportation journey
  1419 | D:3      | Noticed Terence
  1427 | D:3      | Killed Terence
  1427 | D:3      | Reached XP level 6. HP: 37/55 MP: 5/5
  1574 | D:3      | XOM: harmless Air miscast
  1634 | D:3      | Found a faded altar of an unknown god.
  1723 | D:3      | Found a sparkling altar of Nemelex Xobeh.
  1919 | D:3      | XOM: cast spell 'Summon Ice Beast'
  2319 | D:4      | XOM: stealth player
  2353 | D:4      | Noticed Blork the orc
  2372 | D:4      | XOM: divination: detect creatures
  2375 | D:4      | Gained mutation: You expend magic power (3 MP) to strengthen your wands. [potion of mutation]
  2375 | D:4      | Gained mutation: Scrolls take you a little longer to read. [potion of mutation]
  2375 | D:4      | Gained mutation: Potions are less effective at restoring your health. [potion of mutation]
  2375 | D:4      | Gained mutation: You have sharp fingernails. [potion of mutation]
  2394 | D:4      | Reached skill level 7 in Axes
  2409 | D:4      | Killed Blork the orc
  2420 | D:4      | XOM: enchant monster (good)
  2546 | D:4      | Lost mutation: Potions are less effective at restoring your health. [potion of mutation]
  2546 | D:4      | Lost mutation: Scrolls take you a little longer to read. [potion of mutation]
  2546 | D:4      | Lost mutation: You expend magic power (3 MP) to strengthen your wands. [potion of mutation]
  2546 | D:4      | Lost mutation: You have sharp fingernails. [potion of mutation]
  2546 | D:4      | Gained mutation: You can translocate small distances at will. [potion of mutation]
  2546 | D:4      | Gained mutation: You are clumsy. (Dex -2) [potion of mutation]
  2546 | D:4      | Gained mutation: You are very clumsy. (Dex -4) [potion of mutation]
  2546 | D:4      | Gained mutation: You are robust. (+10% HP) [potion of mutation]
  2554 | D:4      | XOM: enchant monster (good)
  2573 | D:4      | Found a basalt altar of Yredelemnul.
  2575 | D:4      | Found a radiant altar of Vehumet.
  2575 | D:4      | Found a burning altar of Makhleb.
  2579 | D:4      | XOM: confuse monster(s)
  2737 | D:4      | XOM: fog
  2775 | D:4      | Reached XP level 7. HP: 17/67 MP: 5/5
  2793 | D:4      | Killed from afar by an orc

Skill      XL: |  1  2  3  4  5  6 |
---------------+-------------------+-----
Axes           | 4 6 7 |  7.6
Shields        | 2 3 |  3.9
Fighting       | |  2.6
Armour         | |  2.1
Dodging        | |  1.1

Action                   |  1- 3 |  4- 6 |  7- 9 || total
-------------------------+-------+-------+-------++-------
Melee: Hand axe          |    97 |   264 |     6 ||   367
 Abil: Heal Wounds       |     2 |     1 |       ||     3
  Use: Potion            |     2 |     3 |       ||     5
       Scroll            |       |     6 |     1 ||     7
 Stab: Paralysed         |     2 |     6 |       ||     8
       Sleeping          |       |     1 |       ||     1
  Eat: Chunk             |       |     6 |       ||     6
Armor: Leather armour    |    31 |   106 |     4 ||   141
Dodge: Dodged            |    48 |   132 |     5 ||   185
Block: Buckler           |     1 |    50 |     2 ||    53
